 Dungeon Crawl Stone Soup version 0.20.1-1-g8b1a95d (webtiles) character file.

126257 Monsterracer the Black Belt (level 16, -2/131 HPs)
             Began as a Barachi Transmuter on Aug 14, 2017.
             Was the Champion of Okawaru.
             Slain by a faun
             ... wielding a +0 spear
             ... led by a satyr
              (22 damage)
             ... on level 2 of the Shoals.
             The game lasted 01:55:31 (29954 turns).

Monsterracer the Black Belt (Barachi Transmuter)   Turns: 29954, Time: 01:55:32

Health: -2/131     AC: 29    Str: 15    XL:     16   Next: 98%
Magic:  21/24      EV: 12    Int: 23    God:    Okawaru [******]
Gold:   2520       SH:  0    Dex: 14    Spells: 7/26 levels left

rFire    . . .     SeeInvis .     - Unarmed
rCold    + . .     Gourm    .   (shield currently unavailable)
rNeg     + . .     Faith    .   I - +8 chain mail of the Thistle {Int+2}
rPois    .         Spirit   .   A - +2 hat {Int+3}
rElec    .         Reflect  .   g - +2 cloak
rCorr    .         Harm     .   (gloves currently unavailable)
MR       ++++.     Clarity  +   a - +2 pair of boots
Stlth    ..........             u - amulet of the Four Winds {rN+ MR+++ Clar}
Regen    0.8/turn               G - ring of wizardry
MPRegen  0.2/turn               o - ring of protection from cold

@: blade hands, slow
A: +LOS, swims, claws 1, regeneration 1, slowness 1, strong 1, strong legs 2
a: Hop, End Transformation, Heroism, Finesse, Renounce Religion


You were on level 2 of the Shoals.
You worshipped Okawaru.
Okawaru was exalted by your worship.
You were very hungry.
You had blades for hands.
You visited 5 branches of the dungeon, and saw 27 of its levels.
You also visited: Labyrinth, Ossuary, Ice Cave and Volcano.

You collected 2520 gold pieces.

Inventory:

Missiles
 j - 574 arrows
 r - 3 throwing nets (quivered)
Armour
 a - a +2 pair of boots (worn)
 g - a +2 cloak (worn)
 A - a +2 hat of intelligence (worn)
 F - a +2 pair of gloves of strength (melded)
 I - the +8 chain mail of the Thistle (worn) {Int+2}
   (You found it on level 6 of the Lair of Beasts)

   It affects your intelligence (+2).
 R - +0 steam dragon scales
Jewellery
 o - a ring of protection from cold (right scythe-like blade)
 u - the amulet of the Four Winds (around neck) {rN+ MR+++ Clar}
   (You found it on level 2 of the Lair of Beasts)

   [amulet of nothing]

   It protects you from negative energy.
   It affects your resistance to hostile enchantments.
   It protects you against confusion.
 y - the amulet "Koop Fis" {RegenMP Int+4}
   (You found it on level 12 of the Dungeon)

   [amulet of magic regeneration]

   It increases your magic regeneration.
   It affects your intelligence (+4).
 G - a ring of wizardry (left scythe-like blade)
 H - an uncursed ring of flight
 K - an uncursed ring of resist corrosion
Wands
 c - a wand of clouds (6/9)
 k - a wand of digging (18/24)
Scrolls
 f - 7 scrolls of blinking
 p - 11 scrolls of remove curse
 v - a scroll of amnesia
 w - 3 scrolls of fog
 z - 13 scrolls of teleportation
 E - 4 scrolls of recharging
 L - 4 scrolls of magic mapping
 M - 5 scrolls of identify
 O - 2 scrolls of fear
 Q - a scroll of summoning
Potions
 b - 3 potions of resistance
 e - 14 potions of curing
 h - a potion of mutation
 l - 3 potions of magic
 m - 4 potions of heal wounds
 n - 4 potions of invisibility
 q - a potion of agility
 x - 5 potions of haste
 B - 3 potions of brilliance
 C - 3 potions of flight
 D - 2 potions of berserk rage
 J - a potion of might
 N - 2 potions of ambrosia
Books
 P - a book of the Dragon

   Spells                             Type                      Level
   a - Flame Tongue                   Conjuration/Fire             1
   b - Cause Fear                     Hexes                        4
   c - Bolt of Fire                   Conjuration/Fire             6
   d - Dragon Form                    Transmutation                7
   e - Dragon's Call                  Summoning                    9
 S - the Compendium of Translocation
   (You found it in a labyrinth)

   Spells                             Type                      Level
   a - Portal Projectile              Hexes/Translocation          3
   b - Teleport Other                 Translocation                3
   c - Force Lance                    Conjuration/Translocation    4
   d - Passage of Golubria            Translocation                4
   e - Controlled Blink               Translocation                8
Comestibles
 d - 24 bread rations
 i - 8 royal jellies
 s - 6 fruits
 t - 5 meat rations


   Skills:
 + Level 13.5 Fighting
 + Level 11.0 Armour
 - Level 10.9 Dodging
 * Level 17.6 Unarmed Combat
 - Level 5.6 Spellcasting
 - Level 5.1 Hexes
 - Level 7.4 Translocations
 - Level 13.2 Transmutations
 - Level 3.2 Ice Magic
 - Level 8.0 Invocations


You had 7 spell levels left.
You knew the following spells:

 Your Spells              Type           Power        Failure   Level  Hunger
a - Confusing Touch       Hex            ####..       22%         1    None
b - Sticks to Snakes      Tmut           ######..     5%          2    None
c - Ice Form              Ice/Tmut       #####...     41%         4    ####...
d - Blade Hands           Tmut           ######....   22%         5    #####..
e - Blink                 Tloc           N/A          16%         2    None
f - Passage of Golubria   Tloc           N/A          50%         4    ####...
z - Apportation           Tloc           #####.       13%         1    None


Dungeon Overview and Level Annotations

Branches:
Dungeon (15/15) Temple (0/1) D:5 Lair (6/6) D:11 Shoals (2/4) Lair:4 Snake (2/4) Lair:2 Slime (0/5) Lair:5 Orc (2/2) D:11 Elf (0/3) Orc:2 Vaults (0/5) D:13 D:14 Depths (0/5) D:15

Altars:
Kikubaaqudgha
Makhleb
Okawaru
Ru
Sif Muna
Vehumet
Xom
The Shining One
Jiyva

Shops:
D:9 %   Orc:2 [(%::

Annotations:
D:8 1 runed door


Innate Abilities, Weirdness & Mutations

Shadows flee at your approach. (+LOS)
You can swim through water.
You cover ground slowly.
You can hop longer distances.
You have sharp fingernails.
Your natural rate of healing is unusually fast.
Your muscles are strong. (Str +2)


Message History

* * * LOW HITPOINT WARNING * * *
You hear a splash.
Items here: (( )) a stone; an uncursed quarterstaff; an uncursed hunting sling; 6 sling bullets Huge Dmg: -14%(-18hp) hp: 40%(52hp)
The faun shoots a stone.
The stone hits you but does no damage.
You hear a splash.
The satyr shoots a sling bullet.
The sling bullet hits you!!
* * * LOW HITPOINT WARNING * * *
You hear a splash.
Items here: (( )) † a sling bullet; a spear; a hunting sling; 12 stones; a faun corpse Huge Dmg: -26%(-34hp) hp: 14%(18hp)
The faun unwields an uncursed hunting sling.
The faun wields an uncursed spear.
The faun hits you but does no damage.
The satyr shoots a sling bullet.
The sling bullet misses you.
You hear a splash.
Your chain mail of the Thistle prevents you from hitting the faun.
The faun hits you with an uncursed spear!!
You die...

..≈.....≈≈≈≈≈≈≈≈≈≈≈≈≈≈≈≈≈≈≈≈≈≈≈≈≈
.......≈≈≈≈≈≈≈≈≈≈≈≈≈≈≈≈≈≈≈≈≈≈≈≈≈≈
......≈≈≈≈≈≈≈≈≈≈≈≈≈≈≈≈≈≈≈≈≈≈≈≈≈≈≈
#......≈≈≈≈≈≈≈≈≈≈≈≈≈≈≈≈≈≈≈≈≈≈≈≈≈≈
#..#...≈≈≈≈≈≈≈≈≈≈≈≈≈...≈≈≈≈≈≈≈≈≈≈
#####..≈≈≈≈≈≈≈≈≈≈.≈≈(#.≈≈≈(≈≈≈≈≈≈
##(≈≈≈≈≈≈≈≈≈>..(.<.≈≈≈≈≈≈≈≈≈≈
##(≈≈≈≈≈≈≈≈cc##..≈≈≈≈≈≈≈≈≈≈≈≈
#cc≈≈≈≈≈((≈≈@.##(.≈≈≈≈≈≈≈≈≈≈≈
#c..≈≈≈≈≈≈≈≈≈≈(()(.≈≈?≈≈≈≈≈≈≈≈≈
.....≈≈≈≈≈≈≈≈≈≈≈(≈≈≈≈≈≈≈≈≈≈≈≈≈≈≈≈
...≈≈≈≈≈≈≈≈≈≈≈≈≈≈≈≈≈≈≈≈≈≈≈≈≈≈≈≈≈≈
.c≈≈≈≈≈≈≈≈≈≈≈≈≈≈≈≈≈≈≈≈≈≈≈≈≈≈≈≈≈≈≈
...≈≈≈≈≈≈≈≈≈≈≈.≈≈≈≈≈≈≈≈≈≈≈≈≈≈≈≈≈≈
....≈≈≈≈≈≈≈≈.....≈≈≈≈≈≈≈≈≈≈≈≈≈≈≈≈
....≈≈≈≈≈≈≈≈.##...≈≈(≈≈((≈≈≈≈≈≈≈≈
..≈≈≈≈≈≈≈≈≈..###..≈≈≈≈≈≈≈≈≈≈≈≈≈≈≈


You could see a satyr and a faun.

Vanquished Creatures
  Rupert (D:13)
  Gastronok (D:8)
  Kirke (D:14)
  The ghost of p0werm0de the Warrior, a journeyman DsBe of Trog (Snake:2)
  A frost giant (Shoals:1)
  The ghost of shugdite the Fencer, a journeyman MiFi of Okawaru (Orc:2)
  A minotaur (Lab)
  A merfolk impaler (Shoals:1)
  Snorg (Lair:6)
  4 ogre magi
  A rakshasa (D:15)
  A naga warrior (Snake:2)
  5 hydras
  2 catoblepae
  A merfolk aquamancer (Shoals:1)
  2 merfolk avatars
  18 two-headed ogres
  4 centaur warriors
  3 anacondas
  A hell hog (Volcano)
  A naga sharpshooter (Snake:1)
  Urug (D:14)
  Sonja (D:14)
  A fire crab (Volcano)
  2 unseen horrors
  A naga ritualist (Snake:1)
  A sea snake (Shoals:1)
  15 harpies
  2 wolf spider zombies (D:15)
  A wizard (D:15)
  An orc knight (Orc:1)
  2 mana vipers (Snake:1)
  A lindwurm (Lair:4)
  3 fauns (Shoals:2)
  8 cyclopes
  A deep elf mage (D:13)
  7 ugly things
  2 salamanders
  6 oklob plants
  5 manticores
  A guardian serpent (Snake:2)
  2 ice statues (IceCv)
  An elephant (Lair:6)
  13 black mambas
  3 water nymphs
  8 naga magi
  A molten gargoyle (Volcano)
  2 torpor snails
  Psyche (D:8)
  5 gargoyles
  13 spiny frogs
  3 kobold demonologists (D:12)
  14 komodo dragons
  A yaktaur (shapeshifter) (D:15)
  4 rime drakes (Lair:6)
  A redback zombie (D:14)
  2 trolls (D:11)
  A polar bear (shapeshifter) (D:15)
  A troll (shapeshifter) (D:14)
  4 merfolk (Shoals:1)
  2 hornets (Lair:6)
  5 slime creatures
  A meliai zombie (D:11)
  2 dream sheep (Lair:4)
  3 wind drakes
  3 polar bears
  2 snapping turtles
  7 blink frogs (Lair:6)
  8 hippogriffs
  4 water elementals (Shoals:1)
  4 vampires
  4 shadows
  5 wyverns
  3 wraiths
  22 yaks
  3 basilisks
  The ghost of gobwax the Gouger, an amateur FeMo (D:7)
  6 hogs (D:14)
  Grum (D:8)
  10 fire bats (Volcano)
  2 steam dragons (Volcano)
  16 humans
  10 nagas
  9 vampire mosquitoes
  2 wargs
  A warg (shapeshifter) (D:15)
  A soldier ant (shapeshifter) (D:14)
  An acid dragon (shapeshifter) (D:15)
  17 water moccasins
  A hell hound (Volcano)
  10 porcupines
  A phantom (D:9)
  2 hornet zombies
  18 orc warriors
  A black bear (D:8)
  5 sky beasts
  12 wolves
  5 boggarts (D:15)
  8 ice beasts
  27 ogres
  A tengu (shapeshifter) (D:15)
  6 centaurs
  16 crocodiles
  5 big kobolds
  17 bullfrogs
  A wyvern zombie (D:8)
  A water moccasin zombie (Ossuary)
  2 wyvern skeletons
  4 scorpions
  A scorpion (shapeshifter) (D:15)
  17 killer bees
  The ghost of NoNouf the Shield-Bearer, a weakling DgFi (D:3)
  10 wights
  3 electric eels
  2 crimson imps
  A quasit (D:8)
  3 centaur zombies
  A jelly (D:5)
  5 lava snakes (Volcano)
  16 orc priests
  4 hounds
  27 orc wizards
  4 centaur skeletons
  A bullfrog skeleton (D:11)
  11 worker ants
  4 iguanas
  A statue (D:7)
  3 big kobold zombies (Ossuary)
  A hound zombie (D:6)
  2 hound skeletons
  A howler monkey zombie (D:5)
  2 mummies (Ossuary)
  2 howler monkey skeletons
  4 gnolls (D:8)
  12 adders
  4 shadow imps
  12 white imps (Lair:5)
  An ooze (D:4)
  7 adder zombies
  2 worms
  8 leopard geckos
  89 orcs
  11 bats
  8 giant cockroaches
  13 goblins
  10 hobgoblins
  22 jackals
  14 kobolds
  5 quokkas
  2 ball pythons
  7 frilled lizards
  2 gnoll zombies (Ossuary)
  10 hobgoblin zombies (Ossuary)
  5 kobold zombies (Ossuary)
  A leopard gecko skeleton (D:4)
  4 orc zombies (Ossuary)
  4 quokka skeletons
  6 rats
  A plant (Lair:6)
879 creatures vanquished.

Vanquished Creatures (collateral kills)
  A worker ant (D:4)
1 creature vanquished.

Vanquished Creatures (others)
  An unseen horror (D:15)
  13 fungi
  15 plants
29 creatures vanquished.

Grand Total: 909 creatures vanquished

Notes
Turn   | Place    | Note
-------+----------+-------------------------------------------
     0 | D:1      | Monsterracer the Barachi Transmuter began the quest for the Orb.
     0 | D:1      | Reached XP level 1. HP: 15/15 MP: 3/3
    84 | D:1      | HP: 6/15 [goblin (3)]
    92 | D:1      | Reached XP level 2. HP: 10/21 MP: 5/5
    93 | D:1      | HP: 6/21 [goblin (4)]
   551 | D:1      | Learned a level 2 spell: Sticks to Snakes
  1025 | D:2      | Reached XP level 3. HP: 26/26 MP: 6/6
  1030 | D:2      | Learned a level 3 spell: Spider Form
  1134 | D:2      | Reached skill level 4 in Unarmed Combat
  1523 | D:2      | Found an iron altar of Okawaru.
  1932 | D:2      | HP: 12/26 [adder (4)]
  1937 | D:2      | HP: 7/26 [adder (2)]
  2347 | D:3      | HP: 13/26 [worker ant (2)]
  2352 | D:3      | HP: 9/26 [poisoned by a worker ant]
  2353 | D:3      | HP: 4/26 [worker ant (5)]
  2356 | D:3      | Reached XP level 4. HP: 9/32 MP: 4/7
  2359 | D:3      | HP: 7/32 [poisoned by a worker ant]
  2364 | D:3      | HP: 5/32 [poisoned by a worker ant]
  2371 | D:3      | HP: 4/32 [poisoned by a worker ant]
  2379 | D:3      | HP: 3/32 [poisoned by a worker ant]
  2686 | D:3      | Noticed NoNouf's ghost (weakling DgFi)
  2720 | D:3      | HP: 14/32 [NoNouf's ghost (8)]
  2980 | D:3      | HP: 14/32 [NoNouf's ghost (9)]
  2985 | D:3      | HP: 7/32 [NoNouf's ghost (7)]
  3201 | D:3      | HP: 14/32 [adder (5)]
  3202 | D:3      | Reached skill level 5 in Unarmed Combat
  3206 | D:3      | HP: 7/32 [poisoned by a kobold]
  3211 | D:3      | HP: 5/32 [poisoned by a kobold]
  3216 | D:3      | HP: 3/32 [poisoned by a kobold]
  3222 | D:3      | HP: 2/32 [poisoned by a kobold]
  3708 | D:2      | Became a worshipper of Warmaster Okawaru
  3794 | D:3      | Killed NoNouf's ghost
  3794 | D:3      | Reached XP level 5. HP: 21/37 MP: 4/8
  3844 | D:3      | HP: 16/37 [goblin/uncursed flail (3)]
  3851 | D:3      | HP: 16/37 [bat (1)]
  3856 | D:3      | HP: 16/37 [bat (1)]
  4044 | D:3      | Found an ancient bone altar of Kikubaaqudgha.
  4851 | D:4      | HP: 19/38 [poisoned by a scorpion]
  4854 | D:4      | Reached XP level 6. HP: 21/44 MP: 7/9
  4857 | D:4      | HP: 20/44 [poisoned by a scorpion]
  4863 | D:4      | HP: 19/44 [poisoned by a scorpion]
  4871 | D:4      | HP: 18/44 [poisoned by a scorpion]
  5139 | D:4      | HP: 20/44 [worker ant (6)]
  5145 | D:4      | HP: 18/44 [poisoned by a worker ant]
  5152 | D:4      | HP: 17/44 [poisoned by a worker ant]
  5380 | D:4      | HP: 22/44 [adder (2)]
  5385 | D:4      | HP: 15/44 [poisoned by an adder]
  5390 | D:4      | HP: 12/44 [poisoned by an adder]
  5396 | D:4      | HP: 11/44 [poisoned by an adder]
  5404 | D:4      | HP: 10/44 [poisoned by an adder]
  5728 | D:4      | Reached skill level 5 in Transmutations
  5884 | D:4      | HP: 23/46 [poisoned by a worker ant]
  5889 | D:4      | HP: 17/46 [poisoned by an adder]
  5894 | D:4      | HP: 14/46 [poisoned by an adder]
  5900 | D:4      | HP: 12/46 [poisoned by an adder]
  5906 | D:4      | HP: 11/46 [poisoned by an adder]
  5914 | D:4      | HP: 10/46 [poisoned by an adder]
  6197 | D:4      | Got a twitching golden amulet
  6198 | D:4      | Identified the amulet "Sucengef" {-Tele rN+ MR+ Regen+ Stlth+} (You found it on level 4 of the Dungeon)
  6318 | D:4      | Reached skill level 6 in Unarmed Combat
  6527 | D:4      | Reached XP level 7. HP: 41/52 MP: 10/10
  6533 | D:4      | Learned a level 4 spell: Ice Form
  6605 | D:4      | Found a deep blue altar of Sif Muna.
  6904 | D:5      | Entered Level 5 of the Dungeon
  7001 | D:5      | Found a staircase to the Ecumenical Temple.
  7159 | D:5      | Reached * piety under Okawaru
  7174 | D:5      | Reached skill level 1 in Ice Magic
  7245 | D:5      | Reached skill level 1 in Invocations
  7466 | D:6      | Reached XP level 8. HP: 51/60 MP: 8/11
  7551 | D:5      | Reached skill level 7 in Unarmed Combat
  7603 | D:5      | HP: 34/73 [orc warrior/long sword (7)]
  7615 | D:5      | HP: 32/73 [orc/short sword (3)]
  7620 | D:5      | HP: 32/73 [orc warrior/long sword (2)]
  7744 | D:6      | Reached ** piety under Okawaru
  7754 | D:6      | HP: 28/61 [orc wizard/dagger (4)]
  7991 | D:6      | Reached skill level 5 in Fighting
  8363 | D:6      | Found a deep blue altar of Sif Muna.
  8376 | D:6      | Reached skill level 8 in Unarmed Combat
  8376 | D:6      | Reached XP level 9. HP: 62/68 MP: 8/12
  8475 | D:7      | Noticed a two-headed ogre
  8481 | D:6      | Killed a two-headed ogre
  8481 | D:6      | Reached *** piety under Okawaru
  8527 | D:7      | Reached **** piety under Okawaru
  8608 | D:7      | Reached skill level 5 in Dodging
  8750 | D:7      | Found a sand-covered staircase.
  8757 | Ossuary  | Entered an ossuary
  8941 | D:7      | Reached skill level 9 in Unarmed Combat
  8945 | D:7      | Gained mutation: You are frail. (-10% HP) [mutagenic meat]
  8947 | D:7      | Gained mutation: Scrolls take you a little longer to read. [mutagenic meat]
  8948 | D:7      | Gained mutation: Your natural rate of healing is unusually fast. [mutagenic meat]
  8949 | D:7      | Gained mutation: Your mind is acute. (Int +2) [mutagenic meat]
  8956 | D:7      | Noticed gobwax's ghost (amateur FeMo)
  8964 | D:7      | Killed gobwax's ghost
  9011 | D:7      | Reached XP level 10. HP: 53/68 MP: 9/13
  9019 | D:7      | HP: 40/81 [killer bee (7)]
  9024 | D:7      | HP: 34/81 [poisoned by a killer bee]
  9029 | D:7      | HP: 28/82 [poisoned by a killer bee]
  9034 | D:7      | HP: 27/82 [poisoned by a killer bee]
  9039 | D:7      | HP: 27/82 [poisoned by a killer bee]
  9044 | D:7      | HP: 30/82 [poisoned by a killer bee]
  9050 | D:7      | HP: 33/82 [poisoned by a killer bee]
  9058 | D:7      | HP: 32/69 [poisoned by a killer bee]
  9138 | D:7      | Found a radiant altar of Vehumet.
  9592 | D:8      | Noticed Psyche
  9605 | D:8      | Killed Psyche
  9645 | D:8      | Noticed Gastronok
  9654 | D:8      | HP: 37/82 [Gastronok (8)]
  9656 | D:8      | Killed Gastronok
  9656 | D:8      | Reached ***** piety under Okawaru
  9656 | D:8      | Received a gift from Okawaru
  9656 | D:8      | Reached skill level 10 in Unarmed Combat
  9808 | D:8      | Noticed a two-headed ogre
  9813 | D:8      | Killed a two-headed ogre
  9813 | D:8      | Reached skill level 5 in Invocations
  9903 | D:8      | Reached XP level 11. HP: 75/75 MP: 9/14
  9907 | D:8      | Lost mutation: Your natural rate of healing is unusually fast. [mutagenic meat]
  9909 | D:8      | Gained mutation: You have sharp toenails. [mutagenic meat]
 10005 | D:8      | Found a runed door.
 10007 | D:8      | Noticed a fire dragon
 10007 | D:8      | Noticed a wolf spider
 10007 | D:8      | Noticed a cyclops
 10088 | D:8      | Noticed Grum
 10100 | D:8      | Killed Grum
 10156 | D:8      | Learned a level 5 spell: Blade Hands
 10203 | D:8      | Received a gift from Okawaru
 10626 | D:8      | Found a glowing golden altar of the Shining One.
 10626 | D:8      | Noticed a cyan ugly thing
 10636 | D:8      | Killed a cyan ugly thing
 10639 | D:8      | Lost mutation: Your mind is acute. (Int +2) [mutagenic meat]
 10640 | D:8      | Lost mutation: Scrolls take you a little longer to read. [mutagenic meat]
 10968 | D:9      | Reached skill level 11 in Unarmed Combat
 11072 | D:9      | Found Byriw's Food Shoppe.
 11163 | D:9      | Found a radiant altar of Vehumet.
 11456 | D:10     | Entered Level 10 of the Dungeon
 11521 | D:10     | Reached skill level 10 in Transmutations
 11664 | D:10     | Killed an unseen horror
 12189 | D:11     | Noticed a two-headed ogre
 12201 | D:11     | Killed a two-headed ogre
 12224 | D:11     | Noticed a two-headed ogre
 12238 | D:11     | Killed a two-headed ogre
 12238 | D:11     | Reached ****** piety under Okawaru
 12245 | D:11     | HP: 42/92 [troll (13)]
 12246 | D:11     | Received a gift from Okawaru
 12438 | D:11     | Killed an unseen horror
 12458 | D:11     | Found a staircase to the Lair.
 12472 | D:11     | Reached XP level 12. HP: 58/84 MP: 11/16
 12524 | D:11     | Found a staircase to the Orcish Mines.
 12600 | D:11     | Found a shimmering altar of Xom.
 12760 | Lair:1   | Entered Level 1 of the Lair of Beasts
 12777 | Lair:1   | Reached skill level 12 in Unarmed Combat
 13727 | Lair:2   | Found a staircase to the Snake Pit.
 13817 | Lair:2   | HP: 35/85 [torpor snail (14)]
 13822 | Lair:2   | HP: 20/85 [yak[a torpor snail] (13)]
 14119 | Lair:2   | You fall through a shaft!
 14248 | Lair:3   | Learned a level 1 spell: Confusing Touch
 14506 | Lair:3   | Reached skill level 1 in Armour
 14545 | Lair:3   | Reached skill level 1 in Hexes
 14804 | Lair:4   | Found a staircase to the Shoals.
 14987 | Lair:4   | Noticed a four-headed hydra
 14994 | Lair:4   | HP: 49/103 [four-headed hydra (7)]
 14995 | Lair:4   | Killed a four-headed hydra
 15227 | Lair:4   | Reached skill level 13 in Unarmed Combat
 15230 | Lair:4   | Received a gift from Okawaru
 15257 | Lair:4   | Found a dark tunnel.
 15260 | Lair:4   | HP: 41/86 [lindwurm/blast of flame (45)]
 15265 | Lair:4   | HP: 13/86 [lindwurm/blast of flame (34)]
 15267 | Volcano  | Entered a volcano
 15501 | Volcano  | Gained mutation: You can hop longer distances. [Barachi growth]
 15501 | Volcano  | Reached XP level 13. HP: 79/91 MP: 15/18
 15575 | Volcano  | Found a bloodstained altar of Trog.
 15586 | Volcano  | Reached skill level 10 in Fighting
 16039 | Lair:3   | HP: 45/92 [catoblepas/blast of calcifying dust (7)]
 16045 | Lair:3   | HP: 44/92 [something/blast of calcifying dust (4)]
 16053 | Lair:4   | HP: 25/92 [komodo dragon (21)]
 16489 | Lair:5   | Found a staircase to the Slime Pits.
 16489 | Lair:5   | Found a viscous altar of Jiyva.
 16746 | Lair:5   | HP: 38/93 [white imp/puff of frost (10)]
 16747 | Lair:5   | Found a frozen archway.
 16752 | Lair:5   | HP: 40/93 [white imp/puff of frost (2)]
 16760 | Lair:5   | HP: 51/111 [white imp/puff of frost (1)]
 16853 | IceCv    | Entered an ice cave
 16853 | IceCv    | Found a transporter.
 16865 | IceCv    | Reached skill level 10 in Dodging
 16924 | IceCv    | Reached skill level 5 in Armour
 17061 | Lair:5   | Lost mutation: You have sharp toenails. [potion of mutation]
 17061 | Lair:5   | Lost mutation: You are frail. (-10% HP) [potion of mutation]
 17061 | Lair:5   | Gained mutation: Your muscles are strong. (Str +2) [potion of mutation]
 17061 | Lair:5   | Gained mutation: You have sharp fingernails. [potion of mutation]
 17061 | Lair:5   | Gained mutation: Your natural rate of healing is unusually fast. [potion of mutation]
 17485 | Lair:6   | Entered Level 6 of the Lair of Beasts
 17709 | Lair:6   | Received a gift from Okawaru
 17710 | Lair:6   | HP: 45/105 [rime drake/flash freeze (14)]
 17715 | Lair:6   | Reached skill level 14 in Unarmed Combat
 17718 | Lair:6   | HP: 40/105 [wind drake/the air (10)]
 17721 | Lair:6   | HP: 16/105 [wind drake/the air (10)]
 17739 | Lair:6   | HP: 45/105 [harpy (7)]
 17858 | Lair:6   | Got a scorched chain mail
 17869 | Lair:6   | Identified the +8 chain mail of the Thistle {Int+2} (You found it on level 6 of the Lair of Beasts)
 17906 | Lair:6   | Learned a level 1 spell: Apportation
 17939 | Lair:6   | Reached XP level 14. HP: 113/113 MP: 16/20
 18115 | Lair:6   | Reached skill level 1 in Translocations
 18143 | Lair:6   | HP: 55/113 [spiny frog (7)]
 18148 | Lair:6   | HP: 41/113 [poisoned by a spiny frog]
 18153 | Lair:6   | HP: 28/113 [poisoned by a spiny frog]
 18158 | Lair:6   | HP: 22/113 [poisoned by a spiny frog]
 18163 | Lair:6   | HP: 19/113 [poisoned by a spiny frog]
 18168 | Lair:6   | HP: 19/113 [poisoned by a spiny frog]
 18173 | Lair:6   | HP: 20/113 [poisoned by a spiny frog]
 18179 | Lair:6   | HP: 23/113 [poisoned by a spiny frog]
 18184 | Lair:6   | HP: 26/113 [poisoned by a spiny frog]
 18191 | Lair:6   | HP: 31/113 [poisoned by a spiny frog]
 18196 | Lair:6   | HP: 35/113 [poisoned by a spiny frog]
 18297 | Lair:6   | Noticed Snorg
 18305 | Lair:6   | Killed Snorg
 18305 | Lair:6   | Received a gift from Okawaru
 18458 | Lair:6   | Learned a level 2 spell: Blink
 18956 | Orc:1    | Entered Level 1 of the Orcish Mines
 19073 | Orc:2    | Entered Level 2 of the Orcish Mines
 19222 | Orc:2    | Found Waxty's Armour Emporium.
 19513 | Orc:2    | Received a gift from Okawaru
 19551 | Orc:2    | HP: 53/113 [two-headed ogre/giant club (8)]
 19557 | Orc:1    | HP: 39/113 [two-headed ogre/giant club (1)]
 19643 | Orc:1    | Reached skill level 5 in Hexes
 19646 | Orc:1    | Reached skill level 15 in Unarmed Combat
 19777 | Orc:2    | Found Ograst's Weapon Shoppe.
 19778 | Orc:2    | Found Pumial's Book Boutique.
 19778 | Orc:2    | Found Karudaics's Book Emporium.
 19778 | Orc:2    | Found Dunwysot's Food Boutique.
 19880 | Orc:2    | Found a staircase to the Elven Halls.
 19962 | Orc:2    | Found a radiant altar of Vehumet.
 20431 | Orc:2    | Noticed shugdite's ghost (journeyman MiFi)
 20438 | Orc:2    | Killed shugdite's ghost
 20438 | Orc:2    | Reached XP level 15. HP: 99/120 MP: 14/21
 20999 | D:12     | HP: 56/120 [gargoyle/morningstar of draining (11)]
 21004 | D:12     | HP: 52/120 [wyvern (3)]
 21446 | D:12     | Got a scintillating ivory amulet
 21455 | D:12     | Identified the amulet "Koop Fis" {RegenMP Int+4} (You found it on level 12 of the Dungeon)
 22372 | D:14     | Found a gate to the Vaults.
 22372 | D:14     | Noticed Urug
 22372 | D:14     | Noticed Rupert
 22422 | D:13     | Killed Rupert
 22440 | D:13     | Received a gift from Okawaru
 22512 | D:14     | Killed Urug
 22620 | D:14     | Found a burning altar of Makhleb.
 22623 | D:14     | Noticed Kirke
 22651 | D:14     | Killed Kirke
 22673 | D:14     | Found a labyrinth entrance.
 22683 | Lab      | Entered a labyrinth
 23453 | Lab      | Reached skill level 16 in Unarmed Combat
 23465 | Lab      | Identified the Compendium of Translocation
 23481 | D:14     | Found a sacrificial altar of Ru.
 23678 | D:14     | Learned a level 4 spell: Passage of Golubria
 23723 | D:14     | Noticed Sonja
 23732 | D:14     | Killed Sonja
 24094 | D:15     | Entered Level 15 of the Dungeon
 24099 | D:15     | Received a gift from Okawaru
 24648 | D:15     | HP: 49/122 [red ugly thing (22)]
 24848 | D:15     | Found a staircase to the Depths.
 24954 | D:15     | Reached XP level 16. HP: 86/129 MP: 18/22
 25125 | D:15     | Reached skill level 5 in Translocations
 25861 | Lair:2   | HP: 64/154 [spiny frog (20)]
 25868 | Lair:2   | HP: 69/154 [spiny frog (2)]
 25877 | Lair:2   | HP: 64/129 [spiny frog (2)]
 25882 | Lair:2   | HP: 53/129 [spiny frog (2)]
 26029 | Lair:2   | HP: 59/129 [acid (6)]
 26034 | Lair:2   | HP: 56/129 [oklob plant/splash of acid (1)]
 26041 | Lair:2   | HP: 46/129 [oklob plant/splash of acid (1)]
 26163 | Lair:2   | HP: 64/129 [acid (7)]
 26805 | Snake:1  | Entered Level 1 of the Snake Pit
 26907 | Snake:1  | Reached skill level 10 in Armour
 26911 | Snake:1  | Received a gift from Okawaru
 27299 | Snake:1  | HP: 65/130 [poisoned by a naga mage (splash of poison)]
 27304 | Snake:1  | HP: 62/130 [poisoned by a naga mage (splash of poison)]
 27309 | Snake:1  | HP: 62/130 [poisoned by a naga mage (splash of poison)]
 27314 | Snake:1  | HP: 61/130 [poisoned by a naga mage (splash of poison)]
 27319 | Snake:1  | HP: 63/130 [poisoned by a naga mage (splash of poison)]
 27324 | Snake:1  | HP: 64/130 [poisoned by a naga mage (splash of poison)]
 27500 | Snake:1  | Reached skill level 5 in Spellcasting
 27726 | Snake:2  | Noticed p0werm0de's ghost (journeyman DsBe)
 27739 | Snake:2  | Killed p0werm0de's ghost
 27867 | Snake:2  | HP: 65/130 [poisoned by a naga mage (splash of poison)]
 28140 | Snake:2  | HP: 55/130 [guardian serpent/bolt of poison (15)]
 28145 | Snake:2  | HP: 46/130 [poisoned by a guardian serpent (bolt of poison)]
 28150 | Snake:2  | HP: 33/130 [poisoned by a naga warrior (splash of poison)]
 28155 | Snake:2  | HP: 23/130 [poisoned by a naga warrior (splash of poison)]
 28160 | Snake:1  | HP: 20/130 [poisoned by a naga warrior (splash of poison)]
 28165 | Snake:1  | HP: 18/130 [poisoned by a naga warrior (splash of poison)]
 28170 | Snake:1  | HP: 18/130 [poisoned by a naga warrior (splash of poison)]
 28176 | Snake:1  | HP: 19/130 [poisoned by a naga warrior (splash of poison)]
 28182 | Snake:1  | HP: 21/130 [poisoned by a naga warrior (splash of poison)]
 28190 | Snake:1  | HP: 25/130 [poisoned by a naga warrior (splash of poison)]
 28441 | Shoals:1 | Entered Level 1 of the Shoals
 28498 | Shoals:1 | Received a gift from Okawaru
 28504 | Shoals:1 | Reached skill level 17 in Unarmed Combat
 28597 | Shoals:1 | HP: 64/130 [harpy (5)]
 28677 | Shoals:1 | HP: 62/130 [harpy (10)]
 28682 | Shoals:1 | HP: 29/130 [harpy (8)]
 28682 | Shoals:1 | HP: 11/130 [manticore (18)]
 29150 | Shoals:1 | Identified a scroll of acquirement
 29765 | Shoals:2 | HP: 60/131 [harpy (10)]
 29770 | Shoals:2 | HP: 56/131 [faun/uncursed quarterstaff[a satyr] (7)]
 29775 | Shoals:2 | HP: 17/131 [faun/sling bullet[a satyr] (18)]
 29951 | Shoals:2 | HP: 52/131 [satyr/sling bullet (15)]
 29952 | Shoals:2 | HP: 18/131 [satyr/sling bullet (34)]
 29954 | Shoals:2 | Slain by a faun

Skill      XL: |  1  2  3  4  5  6  7  8  9 10 11 12 13 14 15 16 |
---------------+-------------------------------------------------+-----
Transmutations | 3 4 5 6 7 9 10 11 12 13 | 13.2
Unarmed Combat | 4 5 6 8 9 10 11 13 14 15 16 17 | 17.6
Fighting       | 2 3 4 5 6 7 8 9 11 12 13 | 13.5
Ice Magic      | 2 3 |  3.2
Invocations    | 1 2 3 5 6 7 8 |  8.0
Dodging        | 3 4 5 6 7 9 10 | 10.9
Armour         | 2 6 8 9 11 | 11.0
Hexes          | 3 5 |  5.1
Translocations | 1 4 7 |  7.4
Spellcasting   | 3 4 5 |  5.6

Action                   |  1- 3 |  4- 6 |  7- 9 | 10-12 | 13-15 | 16-18 || total
-------------------------+-------+-------+-------+-------+-------+-------++-------
Melee: Unarmed           |   147 |   281 |   398 |   555 |  1182 |   457 ||  3020
       Headbutt          |     6 |    15 |       |       |       |       ||    21
       Punch             |     2 |     4 |     4 |    18 |    60 |    29 ||   117
Throw: Throwing net      |       |       |       |       |     2 |       ||     2
 Cast: Beastly Appendage |    12 |    19 |       |       |       |       ||    31
       Sticks to Snakes  |     1 |     6 |       |       |     1 |       ||     8
       Spider Form       |     1 |     6 |     8 |     1 |       |       ||    16
       Ice Form          |       |       |    15 |    28 |     9 |     2 ||    54
       Blade Hands       |       |       |       |    13 |    53 |    27 ||    93
       Confusing Touch   |       |       |       |     1 |     7 |     2 ||    10
       Passage of Golubr |       |       |       |       |       |     4 ||     4
Invok: Heroism           |       |       |     2 |     7 |    13 |     2 ||    24
       Finesse           |       |       |       |     1 |     8 |       ||     9
 Abil: Hop               |     1 |       |       |     1 |     2 |     1 ||     5
       End Transformatio |       |       |       |       |       |     1 ||     1
Evoke: Wand              |       |       |       |       |       |     1 ||     1
  Use: Potion            |     1 |       |       |       |     4 |     1 ||     6
       Scroll            |       |    12 |     7 |     7 |     9 |     5 ||    40
 Stab: Sleeping          |     3 |       |     7 |     6 |     3 |       ||    19
       Distracted        |       |     1 |       |     4 |       |       ||     5
       Invisible         |       |       |       |       |     4 |       ||     4
       Confused          |       |       |       |       |     1 |     2 ||     3
  Eat: Chunk             |     6 |    14 |    17 |    40 |    52 |    18 ||   147
       Fruit             |       |     2 |     1 |     4 |     6 |     9 ||    22
Armor: Robe              |    35 |    51 |    41 |       |       |       ||   127
       Skin              |       |     1 |    53 |    45 |    17 |     6 ||   122
       Leather armour    |       |       |     7 |    90 |     7 |       ||   104
       Steam dragon scal |       |       |       |       |    66 |       ||    66
       Chain mail        |       |       |       |       |   523 |   318 ||   841
Dodge: Dodged            |   106 |   162 |   288 |   410 |   803 |   287 ||  2056
